 Dungeon Crawl Stone Soup version 0.26.0-20-g3ca415f5b8 (webtiles) character file.

Game seed: 3731907966015897928

43 thiole the Magician (level 3, -3/21 HPs)
             Began as an Octopode Hedge Wizard on Jan 24, 2021.
             Slain by a hobgoblin
             ... wielding a +0 club
             ... led by Robin
              (10 damage)
             ... on level 2 of the Dungeon.
             The game lasted 00:04:22 (1624 turns).

thiole the Magician (Octopode Hedge Wizard)         Turns: 1624, Time: 00:04:23

Health: -3/21      AC:  1    Str:  9    XL:     3   Next: 58%
Magic:  1/7        EV: 13    Int: 17    God:
Gold:   53         SH:  0    Dex: 11    Spells: 7/8 levels left

rFire    . . .     SeeInvis .   e - +1 dagger (venom)
rCold    . . .     Faith    .   (no shield)
rNeg     . . .     Spirit   .   b - +0 hat
rPois    .         Reflect  .   (no amulet)
rElec    .         Harm     .   (no ring)
rCorr    .         Rampage  .   (no ring)
Will     .....                  (no ring)
Stlth    +++.......             (no ring)
HPRegen  0.07/turn              (no ring)
MPRegen  0.10/turn              (no ring)
                                (no ring)
                                (no ring)

@: no status effects
A: almost no armour, stealthy swim, amphibious, 8 rings, constrict 8, camouflage
1, gelatinous body 1
a: no special abilities


You were on level 2 of the Dungeon.
You visited 1 branch of the dungeon, and saw 2 of its levels.

You collected 53 gold pieces.

Inventory:

Hand Weapons
 e - a +1 dagger of venom (weapon)
Armour
 b - a +0 hat (worn)
Scrolls
 a - a scroll of remove curse {unknown}
 d - 3 scrolls of identify {unknown}
Potions
 c - a potion of curing {unknown}
 f - a potion of heal wounds {unknown}


   Skills:
 - Level 2.0 Dodging
 + Level 3.3 Stealth
 + Level 3.3 Spellcasting
 * Level 2.0 Conjurations
 - Level 2.0 Summonings
 - Level 1.0 Translocations


You had 7 spell levels left.
You knew the following spells:

 Your Spells              Type           Power        Failure   Level
a - Magic Dart            Conj           36%          8%          1

Your spell library contained the following spells:

 Spells                   Type           Power        Failure   Level
 Call Imp                 Summ           9%           12%         2
 Blink                    Tloc           N/A          17%         2
 Slow                     Hex            2%           26%         2
 Conjure Flame            Conj/Fire      6%           32%         3
 Mephitic Cloud           Conj/Pois/Air  5%           36%         3


Dungeon Overview and Level Annotations

Branches:
Dungeon (2/15)

Altars:
Ashenzari

Annotations:
D:2 Robin


Innate Abilities, Weirdness & Mutations

You cannot wear most types of armour.
You are very stealthy in the water. (Stealth+)
You are amphibious.
You can wear up to eight rings at the same time.
You can use your tentacles to constrict eight enemies at once.
Your skin changes colour to match your surroundings (Stealth+).
Your rubbery body absorbs attacks. (AC +1, EV +1)


Message History

Aim: a hobgoblin, wielding a +0 club and wearing a +0 leather armour (0% to evade)
The magic dart hits the hobgoblin but does no damage.
A kobold comes into view. It is wielding a +0 short sword.
The hobgoblin closely misses you.
You hit the hobgoblin.
The hobgoblin is poisoned.
Your grab misses the hobgoblin.
The hobgoblin is moderately wounded.
The hobgoblin hits you with a +0 club. Robin throws the goblin at you!
The goblin hits you with a +0 dagger.
You miss the goblin. You grab the goblin. You constrict the goblin.
Robin roars a battlecry!
The goblins go into a battle-frenzy!
The hobgoblin barely misses you. The goblin closely misses you.
You hit the goblin.
The goblin is poisoned.
You squeeze the goblin.
You kill the goblin!
The hobgoblin closely misses you.
You barely miss the hobgoblin. Your grab misses the hobgoblin.
The hobgoblin is heavily wounded.
The hobgoblin hits you with a +0 club!
You die...

#####################
#.(.÷..<.gg@).......K
#.###################
#)# #.# #.# #g# #†#
#g# #.#


You could see Robin and a hobgoblin (strong, very poisoned).

Vanquished Creatures
  2 dart slugs (D:1)
  2 leopard geckos (D:1)
  A giant cockroach (D:1)
  11 goblins
  4 hobgoblins
  6 kobolds (D:1)
  6 bats
  A frilled lizard (D:1)
  2 rats (D:1)
35 creatures vanquished.

Notes
Turn   | Place    | Note
-------+----------+-------------------------------------------
     0 | D:1      | thiole the Octopode Hedge Wizard began the quest for the
                  | Orb.
     0 | D:1      | Reached XP level 1. HP: 11/11 MP: 4/4
    78 | D:1      | Found a broken altar of Ashenzari.
   173 | D:1      | Reached XP level 2. HP: 12/17 MP: 1/6
   896 | D:1      | Reached XP level 3. HP: 21/21 MP: 0/7
  1451 | D:2      | Noticed Robin
  1624 | D:2      | Slain by a hobgoblin

Illustrated notes

Levels and vault maps discovered:
D:1:      lightli_arrival_noodles, layout_basic, nicolae_ashenzari_panopticon
D:2:      layout_basic, vehumet_crystals, uniq_terence, uniq_robin

Skill      XL: |  1  2  3 |
---------------+----------+-----
Stealth        | 3 |  3.3
Summonings     | 2 |  2.0
Conjurations   | 2 |  2.0
Dodging        | |  2.0
Spellcasting   | |  3.3
Translocations | |  1.0

Action                   || total
-------------------------++-------
Melee: Dagger            ||    30
       Constrict         ||     7
       Tentacles         ||     3
 Cast: Magic Dart        ||    83
Armor: Skin              ||     5
Dodge: Dodged            ||    32
